 Dungeon Crawl Stone Soup version 0.30-a0-860-g512cf1e979 (webtiles) character file.

Game seed: 6641194089755499259

24356 CrazyBamboolord the Basher (level 12, 0/118 HPs)
             Began as a Troll Fighter on Mar 2, 2023.
             Was a High Priest of Wu Jian.
             Slain by a minotaur
             ... wielding a +0 war axe of venom
              (24 damage)
             ... in a Gauntlet on Mar 8, 2023.
             The game lasted 00:33:16 (12751 turns).

CrazyBamboolord the Basher (Troll Fighter)         Turns: 12751, Time: 00:33:17

Health: 0/118      AC: 17    Str: 28 (31) XL:     12   Next: 79%
Magic:  11/11      EV: 17    Int:  3 (4)  God:    Wu Jian [*****.]
Gold:   474        SH: 12    Dex: 14 (15) Spells: 11/11 levels left

rFire   + . .      SeeInvis +    a - +1 flail (protect)
rCold   + . .      Faith    .    c - +1 kite shield
rNeg    . . .      Spirit   .    Q - +1 troll leather armour
rPois   +          Reflect  .    (helmet restricted)
rElec   +          Rampage  .    s - +2 cloak
rCorr   +          NoTele   +    (gloves unavailable)
Will    .....                    (boots unavailable)
Stlth   +                        B - amulet of the acrobat
HPRegen 1.99/turn                d - ring of Departure {Dex+6 SInv}
MPRegen 0.12/turn                p - +5 ring of evasion

@: brilliant, resistant, under a protective aura, hasted, very quick
A: large, unfitting armour, claws 3, regeneration 1, shaggy fur 1, tough skin 1,
screaming 1
a: Renounce Religion, Wall Jump, Serpent's Lash, Heavenly Storm


You were in a Gauntlet.
You worshipped Wu Jian.
Wu Jian was extremely pleased with you.
You visited 2 branches of the dungeon, and saw 14 of its levels.
You also visited: Bailey and Gauntlet.

You collected 619 gold pieces.
You spent 145 gold pieces at shops.

Inventory:

Hand Weapons
 a - a +1 flail of protection (weapon)
 b - a +1 flail of holy wrath
 x - a +0 giant spiked club
Missiles
 t - 15 large rocks (quivered)
 W - 6 javelins
Armour
 c - a +1 kite shield (worn)
 s - a +2 cloak (worn)
 I - a +2 robe of fire resistance
 Q - a +1 troll leather armour (worn)
Jewellery
 d - the ring of Departure (left claw) {Dex+6 SInv}
   (You found it in a Gauntlet)

   [ring of dexterity]

   Dex:       It affects your dexterity (+6).
   SInv:      It lets you see invisible.
 g - a ring of fire
 h - a ring of resist corrosion
 p - a +5 ring of evasion (right claw)
 r - an amulet of guardian spirit
 B - an amulet of the acrobat (around neck)
 D - a ring of poison resistance
 G - a ring of see invisible
 J - a ring of wizardry
Wands
 o - a wand of roots (11)
 u - a wand of charming (11)
 w - a wand of quicksilver (9)
 O - a wand of flame (12)
Scrolls
 e - 5 scrolls of amnesia
 i - 3 scrolls of fog
 j - a scroll of fear
 k - 5 scrolls of teleportation
 n - a scroll of vulnerability {unknown}
 q - a scroll of enchant armour
 y - 2 scrolls of poison {unknown}
 A - 2 scrolls of immolation {unknown}
 H - 2 scrolls of noise {unknown}
 M - a scroll of butterflies {unknown}
 N - 3 scrolls of magic mapping
 T - a scroll of enchant weapon {unknown}
 X - a scroll of blinking {unknown}
Potions
 f - 2 potions of curing
 l - a potion of experience {unknown}
 m - 3 potions of heal wounds
 v - 4 potions of magic
 z - 2 potions of ambrosia {unknown}
 C - a potion of attraction {unknown}
 E - 6 potions of flight
 K - 2 potions of cancellation {unknown}
 L - 4 potions of mutation
 P - a potion of berserk rage {unknown}
 R - 2 potions of degeneration
 S - a potion of lignification {unknown}
 U - 3 potions of brilliance
 V - a potion of haste
 Y - a potion of resistance


   Skills:
 * Level 7.5 Fighting
 * Level 11.7 Maces & Flails
 * Level 6.4 Throwing
 + Level 2.8 Armour
 * Level 8.6 Dodging
 * Level 9.4 Shields


You had 11 spell levels left.
You didn't know any spells.
Your spell library contained the following spells:

 Spells                   Type           Power      Damage    Failure   Level
 Kiss of Death            Conj/Necr      0%         2d5       78%         1
 Slow                     Hex            0%         N/A       78%         1
 Confusing Touch          Hex            0%         N/A       98%         3
 Stone Arrow              Conj/Erth      0%         3d7       98%         3
 Vampiric Draining        Necr           0%         2d6       98%         3
 Animate Armour           Summ/Erth      0%         N/A       100%        4
 Dispel Undead            Necr           0%         3d6       100%        4
 Lehudib's Crystal Spear  Conj/Erth      0%         10d2      100%        8


Dungeon Overview and Level Annotations

Branches:
Dungeon (13/15)            Temple (1/1) D:6            Lair (0/5) D:9
    Orc (0/2) D:12         Bailey (visited)         Gauntlet (1/1)
 Vaults: D:13-14

Altars:
Ashenzari
Cheibriados
Dithmenos
Elyvilon
Fedhas
Gozag
Hepliaklqana
Kikubaaqudgha
Makhleb
Nemelex Xobeh
Okawaru
Qazlal
Ru
Sif Muna
Trog
Uskayaw
Vehumet
Wu Jian
Xom
Yredelemnul
Zin
The Shining One

Shops:
D:4 (   D:8 (   D:9 ?

Annotations:
Gauntlet 8 transporters, 2 runed translucent doors


Innate Abilities, Weirdness & Mutations

You are too large for most types of armour.
You have claws for hands.
Your natural rate of healing is unusually fast.
You are covered in fur. (AC +1)
You have tough skin. (AC +1)
You occasionally shout uncontrollably at your foes.


Message History

You feel protected. You block the minotaur's attack. The minotaur misses you.
You closely miss the minotaur.
The minotaur furiously retaliates!
The minotaur headbutts you, but does no damage.
The minotaur is lightly wounded.
You hit the minotaur but do no damage.
Your weapon exudes an aura of protection.
The minotaur is lightly wounded.
The minotaur hits you with a +0 war axe of venom!!!
The minotaur gores you but does no damage.
You hit the minotaur but do no damage.
The minotaur is lightly wounded.
The minotaur hits you with a +0 war axe of venom.
You block the minotaur's attack.
You hit the minotaur.
The minotaur is lightly wounded.
You barely miss the minotaur.
The minotaur is lightly wounded.
The minotaur hits you with a +0 war axe of venom!!
The minotaur closely misses you.
You barely miss the minotaur.
The minotaur is lightly wounded.
You block the minotaur's attack.
The minotaur gores you but does no damage.
You closely miss the minotaur.
The minotaur furiously retaliates!
The minotaur headbutts you.
The minotaur is lightly wounded.
You hit the minotaur but do no damage.
The minotaur is lightly wounded.
The minotaur hits you with a +0 war axe of venom!!
* * * LOW HITPOINT WARNING * * *
You are poisoned.
The minotaur gores you!
* * * LOW HITPOINT WARNING * * *
You feel better.
As you read the scroll of fear, it crumbles to dust.
You assume a fearsome visage.
The minotaur resists with almost no effort.
The minotaur misses you. The minotaur gores you!!
You die...

#≈...####
##########.......
#...##.####.8....
#.#.##..##§......
#.#......##..§###
#.#.##....#...#.. ###+
#...##.©8.#...#B#
#..⌠.##.#.##....#...#.#
+(..(H@.#....©8.#.8.#©#
#...∩##.#.##....#...#=#
#.⌠. #...##.©8.#...#$#
##+ #.#.##....#...#..
#.#......##...###
#.#.##..##≈......
#...##.####.8....
##########§......
#≈...####


You could see a minotaur (strong).

Vanquished Creatures
  An ettin (D:12)
  Erolcha (D:10)
  2 vault guards (Bailey)
  A centaur warrior (D:13)
  Erica (D:9)
  5 two-headed ogres
  2 deep elf pyromancers (D:12)
  4 cyclopes
  Joseph (D:9)
  2 gargoyles (D:12)
  An efreet (D:13)
  A kobold demonologist (D:9)
  2 komodo dragons
  3 trolls
  Grinder (D:3)
  Prince Ribbit (Bailey)
  Sigmund (D:2)
  7 flying skulls (Gauntlet)
  4 shadows
  5 slime creatures (D:13)
  A vampire (D:10)
  A wraith (D:10)
  15 yaks
  6 humans (Bailey)
  A steam dragon (D:7)
  2 wyverns
  3 vampire mosquitoes (D:10)
  4 wargs
  2 water moccasins
  Duvessa (D:4)
  3 ice beasts
  A black bear (D:5)
  2 ogres
  5 orc warriors
  A sky beast (D:7)
  3 centaurs
  A phantom (D:7)
  3 kobold brigands (D:9)
  16 bullfrogs
  A necrophage (D:7)
  A gnoll sergeant (D:10)
  2 scorpions
  8 wights
  Dowan (D:4)
  7 killer bees
  3 howler monkeys
  6 orc priests
  A gnoll bouda (D:6)
  2 hounds
  2 jellies
  3 iguanas
  16 orc wizards
  Robin (D:2)
  5 adders
  11 gnolls
  2 shadow imps
  An ufetubus (D:7)
  A worm (D:5)
  3 dart slugs
  57 orcs
  11 ball pythons
  5 endoplasms
  13 hobgoblins
  8 jackals
  A quokka (D:3)
  2 bats
  6 frilled lizards
  16 goblins
  9 kobolds
  8 rats
330 creatures vanquished.

Vanquished Creatures (others)
  An ogre (D:7)
  An orc wizard (D:13)
  A goblin (D:9)
  20 plants
23 creatures vanquished.

Grand Total: 353 creatures vanquished

Notes
Turn   | Place    | Note
-------+----------+-------------------------------------------
     0 | D:1      | CrazyBamboolord the Troll Fighter began the quest for the
                  | Orb.
     0 | D:1      | Reached XP level 1. HP: 22/22 MP: 0/0
   234 | D:1      | Reached XP level 2. HP: 29/29 MP: 1/1
   241 | D:1      | Reached skill level 2 in Maces & Flails
   776 | D:2      | Reached XP level 3. HP: 35/36 MP: 2/2
  1041 | D:2      | Found a faded altar of an unknown god.
  1053 | D:2      | Noticed Sigmund
  1060 | D:2      | Killed Sigmund
  1061 | D:2      | Reached skill level 3 in Maces & Flails
  1061 | D:2      | Reached XP level 4. HP: 44/45 MP: 3/3
  1061 | D:2      | Reached XP level 5. HP: 51/53 MP: 4/4
  1082 | D:2      | Noticed Robin
  1118 | D:2      | Killed Robin
  1644 | D:2      | Found a bloodstained altar of Trog.
  1918 | D:2      | Identified the +1 ring mail "Teck" {Int+3}
  2026 | D:3      | Noticed Grinder
  2055 | D:3      | Paralysed by Grinder for 5 turns
  2062 | D:3      | Killed Grinder
  2063 | D:3      | Reached skill level 4 in Maces & Flails
  2063 | D:3      | Reached XP level 6. HP: 61/61 MP: 5/5
  2824 | D:4      | Reached XP level 7. HP: 67/67 MP: 6/6
  3019 | D:4      | Found Pyuqeges's Weapon Shop.
  3022 | D:4      | Bought a +1 flail of protection for 145 gold pieces
  3059 | D:5      | Entered Level 5 of the Dungeon
  3111 | D:4      | Reached skill level 5 in Maces & Flails
  3334 | D:5      | Noticed Duvessa
  3334 | D:5      | Noticed Dowan
  3350 | D:4      | Reached skill level 1 in Throwing
  3383 | D:4      | Killed Duvessa
  3384 | D:4      | Reached XP level 8. HP: 37/78 MP: 3/7
  3395 | D:4      | Reached skill level 6 in Maces & Flails
  3417 | D:4      | Killed Dowan
  3951 | D:6      | Reached skill level 5 in Shields
  4332 | D:6      | Found a staircase to the Ecumenical Temple.
  4346 | D:6      | Reached skill level 7 in Maces & Flails
  4356 | Temple   | Entered the Ecumenical Temple
  4766 | Temple   | Became a worshipper of the Wu Jian Council
  5166 | D:7      | Reached XP level 9. HP: 84/85 MP: 8/8
  5311 | D:7      | Reached skill level 5 in Dodging
  5836 | D:8      | Reached skill level 8 in Maces & Flails
  5967 | D:8      | Reached * piety under Wu Jian
  6136 | D:8      | Reached skill level 5 in Fighting
  6436 | D:8      | Found Postreh's Weapon Emporium.
  6692 | D:9      | Found Qiutu's Magic Scroll Boutique.
  6726 | D:9      | Noticed a kobold demonologist
  6744 | D:9      | Reached ** piety under Wu Jian
  6745 | D:9      | Noticed a hellwing
  6763 | D:9      | Noticed a sixfirhy
  6773 | D:9      | Killed a kobold demonologist
  6785 | D:9      | Reached XP level 10. HP: 21/96 MP: 9/9
  6791 | D:9      | Found a flagged portal.
  6853 | Bailey   | Entered a bailey
  6955 | Bailey   | Reached skill level 9 in Maces & Flails
  7009 | Bailey   | Noticed Prince Ribbit
  7014 | Bailey   | Noticed a vault guard
  7058 | Bailey   | Killed a vault guard
  7078 | Bailey   | Reached *** piety under Wu Jian
  7081 | Bailey   | Killed Prince Ribbit
  7207 | Bailey   | Noticed a vault guard
  7221 | Bailey   | Killed a vault guard
  7368 | D:9      | Found a staircase to the Lair.
  7703 | D:9      | Reached XP level 11. HP: 105/105 MP: 10/10
  7804 | D:9      | Noticed Joseph
  7820 | D:9      | Killed Joseph
  7863 | D:9      | Noticed Erica
  7914 | D:9      | Killed Erica
  7987 | D:9      | Noticed a two-headed ogre
  7995 | D:9      | Killed a two-headed ogre
  7996 | D:9      | Reached skill level 10 in Maces & Flails
  8563 | D:9      | Reached skill level 5 in Throwing
  8631 | D:10     | Entered Level 10 of the Dungeon
  8631 | D:10     | Noticed a two-headed ogre
  8642 | D:10     | Killed a two-headed ogre
  8697 | D:10     | Noticed Erolcha
  8709 | D:10     | Killed Erolcha
  9088 | D:10     | Found a white marble altar of Elyvilon.
  9088 | D:10     | Found a sacrificial altar of Ru.
  9137 | D:10     | Reached **** piety under Wu Jian
  9830 | D:11     | Noticed a two-headed ogre
  9845 | D:11     | Killed a two-headed ogre
  9846 | D:11     | Reached skill level 1 in Armour
 10148 | D:11     | Reached XP level 12. HP: 115/115 MP: 11/11
 10165 | D:11     | Reached skill level 11 in Maces & Flails
 11208 | D:11     | Upgraded the game from 0.30-a0-782-ge64f9170bb to
                  | 0.30-a0-860-g512cf1e979
 11245 | D:12     | Found a staircase to the Orcish Mines.
 11505 | D:12     | Noticed an ettin
 11566 | D:12     | Noticed a two-headed ogre
 11587 | D:12     | Killed a two-headed ogre
 11599 | D:12     | Killed an ettin
 11674 | D:12     | Noticed a two-headed ogre
 11680 | D:12     | Killed a two-headed ogre
 12231 | D:13     | Noticed a boulder beetle
 12241 | D:13     | Noticed a centaur warrior
 12248 | D:13     | Reached ***** piety under Wu Jian
 12258 | D:13     | Killed a centaur warrior
 12260 | D:13     | Found a gate leading to a gauntlet.
 12269 | Gauntlet | Entered a Gauntlet
 12269 | Gauntlet | Found a transporter.
 12272 | Gauntlet | Found a transporter.
 12291 | Gauntlet | Found a transporter.
 12292 | Gauntlet | Found a transporter.
 12310 | Gauntlet | Found a transporter.
 12320 | Gauntlet | Noticed an entropy weaver
 12323 | Gauntlet | Found a transporter.
 12326 | Gauntlet | Found a transporter.
 12353 | Gauntlet | Found a transporter.
 12360 | Gauntlet | Found a transporter.
 12361 | Gauntlet | Found a transporter.
 12361 | Gauntlet | Found a transporter.
 12365 | Gauntlet | Found a runed translucent door.
 12369 | Gauntlet | Found a transporter.
 12376 | Gauntlet | Found a runed translucent door.
 12539 | Gauntlet | Identified the ring of Departure {Dex+6 SInv}
 12724 | Gauntlet | Gained mutation: You occasionally shout uncontrollably at
                  | your foes. [potion of mutation]
 12724 | Gauntlet | Gained mutation: You possess an exceptional clarity of
                  | mind. [potion of mutation]
 12724 | Gauntlet | Lost mutation: You possess an exceptional clarity of mind.
                  | [potion of mutation]
 12729 | Gauntlet | Identified the +8 chain mail of the Bull {rF++}
 12729 | Gauntlet | Noticed a minotaur
 12751 | Gauntlet | Slain by a minotaur

Illustrated notes

Levels and vault maps discovered:
D:1:      lightli_arrival_flooded_house, layout_loops_cross, minivault_27,
          corexii_leaking_fountain, st_stairs_5
D:2:      layout_basic, basic_altar, shapermc_ecumenical_altar_mp_vishouse,
          uniq_robin, uniq_sigmund
D:3:      layout_loops_ring, solitary_fountain, uniq_grinder
D:4:      layout_cave_pools, serial_shops, kennysheep_mini_moat
D:5:      layout_layer_cave, palyth_stone_intersect, uniq_duvessa
D:6:      layout_basic, minmay_temple_entry_tees,
          nicolae_concentric_dashed_squares_mild, serial_bayou_pond_d,
          nicolae_grassy_gnolls
D:7:      layout_loops_ring, kennysheep_generic_room_14
D:8:      layout_basic, serial_shops, shop
D:9:      layout_grid_maze, erik_lair_orcish_takeover, serial_shops,
          nicolae_shop_hallway_stairs, enter_bailey_5, uniq_erica, uniq_joseph
D:10:     layout_grid_maze, grunt_temple_overflow_open, uniq_erolcha
D:11:     layout_basic
D:12:     layout_loops_ring, erik_orc_4, kennysheep_four_rooms
D:13:     layout_big_octagon, gauntlet_entry_generic, drop_trap
Temple:   mainiacjoe_temple_big_plus
Gauntlet: minmay_gauntlet_mixed_oops_all_seconds
          [minmay_gauntlet_arena_77_double_cross,
          gammafunk_gauntlet_arena_spirals, minmay_gauntlet_arena_77_shame_cube,
          nicolae_gauntlet_arena_flowing_pool,
          minmay_gauntlet_arena_77_two_paths, nicolae_gauntlet_arena_quarters,
          gauntlet_exit_hidden_loot]

Skill      XL: |  1  2  3  4  5  6  7  8  9 10 11 12 |
---------------+-------------------------------------+-----
Maces & Flails | 2 3 4 5 7 8 9 10 11 | 11.7
Shields        | 3 4 5 6 7 8 9 |  9.4
Fighting       | 3 4 5 6 7 |  7.5
Dodging        | 3 4 5 6 8 |  8.6
Throwing       | 1 2 3 4 5 6 |  6.4
Armour         | 1 2 |  2.8

Action                     |  1- 3 |  4- 6 |  7- 9 | 10-12 || total
---------------------------+-------+-------+-------+-------++-------
  Melee: Flail             |   154 |   128 |   482 |  1057 ||  1821
         Giant spiked club |       |       |    11 |       ||    11
  Throw: Large rock        |       |       |       |     8 ||     8
         Throwing net      |       |       |       |     2 ||     2
Ability: Lunge             |       |       |    15 |    27 ||    42
         Whirlwind         |       |       |    15 |    42 ||    57
         Wall Jump         |       |       |       |     1 ||     1
  Evoke: Wand              |       |       |       |     3 ||     3
    Use: Scroll            |       |     1 |     7 |     6 ||    14
         Potion            |       |       |     1 |    10 ||    11
 Armour: Robe              |    79 |    13 |    37 |   125 ||   254
         Animal skin       |       |    21 |   153 |       ||   174
         Troll leather arm |       |       |       |   268 ||   268
  Dodge: Dodged            |    92 |    65 |   340 |   801 ||  1298
  Block: Kite shield       |    85 |    65 |   256 |   677 ||  1083

Table legend: (Time is in decaauts)
 A = Elapsed time spent in this place.
 B = Non-inter-level travel time spent in this place.
 C = Inter-level travel time spent in this place.
 D = Time resting spent in this place.
 E = Time spent auto-exploring this place.
 F = Levels seen in this place.
 G = Mean time per level.
                   A        B        C        D        E       F      G
               +--------+--------+--------+--------+--------+-----+--------+
         Total |  12950 |  11827 |   1123 |    219 |   8143 |  16 |  809.4 |
       Dungeon |  11639 |  10556 |   1083 |    185 |   7569 |  13 |  895.3 |
        Temple |    432 |    392 |     40 |      0 |    384 |   1 |  432.0 |
        Bailey |    404 |    404 |      0 |     15 |     27 |   1 |  404.0 |
      Gauntlet |    473 |    473 |      0 |     19 |    163 |   1 |  473.0 |
               +--------+--------+--------+--------+--------+-----+--------+

Top non-repeatable levels by time:
     D:9: 1667 daAuts
     D:2: 1298 daAuts
    D:11: 1109 daAuts
    D:10: 1063 daAuts
     D:8: 985 daAuts
     D:6: 940 daAuts
    D:12: 917 daAuts
     D:1: 810 daAuts
     D:5: 691 daAuts
     D:7: 685 daAuts
     D:3: 671 daAuts
     D:4: 646 daAuts
Gauntlet: 473 daAuts
  Temple: 432 daAuts
  Bailey: 404 daAuts
